 Dungeon Crawl Stone Soup version 0.24.0-37-gcf1ca852f1 (webtiles) character file.

Game seed: 2758264414133304700, levelgen mode: deterministic

229260 McKennaii the Severer (level 18, 0/138 HPs)
             Began as a Demonspawn Fighter on Dec 7, 2019.
             Was the Champion of Makhleb.
             Killed from afar by a servant of whispers (11 damage)
             ... with a bolt of lightning
             ... in the Desolation of Salt.
             The game lasted 02:05:09 (37462 turns).

McKennaii the Severer (Demonspawn Fighter)         Turns: 37462, Time: 02:05:09

Health: 0/138      AC: 25    Str: 27    XL:     18   Next: 73%
Magic:  29/29      EV:  8    Int: 11    God:    Makhleb [******]
Gold:   3979       SH: 13    Dex: 15    Spells: 17/17 levels left

rFire    + + .     SeeInvis .   P - +9 broad axe (elec)
rCold    + . .     Gourm    .   c - +0 shield
rNeg     . . .     Faith    .   w - +0 plate armour {rF+}
rPois    .         Spirit   .   K - +1 helmet
rElec    .         Reflect  .   a - scarf {rC+ rF+}
rCorr    +         Harm     .   Q - +1 pair of gloves
MR       +....                  (boots unavailable)
Stlth    ..........             p - amulet of the acrobat
HPRegen  0.33/turn              U - +4 ring of strength
MPRegen  0.21/turn              o - +4 ring of dexterity

@: very slightly contaminated, slowed, drained, very slow
A: talons 3, yellow scales 3, clumsy 1, demonic guardian 2, foul stench 2, rot
immunity
}: 1/15 runes: decaying
a: Minor Destruction, Lesser Servant of Makhleb, Major Destruction, Greater
Servant of Makhleb, Renounce Religion


You were in the Desolation of Salt.
You worshipped Makhleb.
Makhleb was exalted by your worship.
You were not hungry.

You visited 7 branches of the dungeon, and saw 33 of its levels.
You also visited: Ossuary, Bailey, Ice Cave, Volcano and Desolation.

You collected 4240 gold pieces.
You spent 261 gold pieces at shops.

Inventory:

Hand Weapons
 P - a +9 broad axe of electrocution (weapon)
 Z - a +1 triple crossbow of velocity
Armour
 a - a scarf of resistance (worn)
 c - a +0 shield (worn)
 w - a +0 plate armour of fire resistance (worn)
 K - a +1 helmet (worn)
 Q - a +1 pair of gloves (worn)
Jewellery
 g - the ring "Macliw" {+Fly rPois}
   (You found it in an ice cave)

   [ring of flight]

   It protects you from poison.
   It lets you fly.
 n - an uncursed ring of ice
 o - a +4 ring of dexterity (right hand)
 p - an amulet of the acrobat (around neck)
 y - an uncursed ring of protection from fire
 U - a +4 ring of strength (left hand)
Wands
 j - a wand of enslavement (20)
 l - a wand of paralysis (18)
 O - a wand of flame (96)
 R - a wand of scattershot (4)
 T - a wand of random effects (89)
 V - a wand of iceblast (36)
 W - a wand of polymorph (8)
 X - a wand of acid (19)
 Y - a wand of digging (16)
Scrolls
 b - 12 scrolls of immolation
 e - 3 scrolls of blinking
 h - 3 scrolls of fear
 k - 7 scrolls of teleportation
 s - 22 scrolls of remove curse
 v - 9 scrolls of amnesia
 z - 5 scrolls of magic mapping
 C - 11 scrolls of enchant armour
 F - a scroll of enchant weapon
 H - a scroll of silence
 L - 5 scrolls of fog
 N - 5 scrolls of summoning
Potions
 d - 7 potions of might
 i - 4 potions of mutation
 m - 4 potions of cancellation
 q - 8 potions of agility
 r - 17 potions of curing
 t - 7 potions of lignification {unknown}
 u - 7 potions of brilliance {unknown}
 x - 5 potions of magic {unknown}
 B - 2 potions of invisibility
 D - a potion of ambrosia {unknown}
 E - 5 potions of haste {unknown}
 G - a potion of resistance
 I - 5 potions of berserk rage {unknown}
 M - a potion of heal wounds
 S - 4 potions of flight {unknown}
Comestibles
 f - 56 rations
 A - 2 chunks of flesh


   Skills:
 + Level 11.6(10.6) Fighting
 * Level 18.6(17.5) Axes
 * Level 14.3(13.3) Armour
 + Level 3.5(2.7) Dodging
 + Level 3.8(3.1) Stealth
 + Level 10.8(9.9) Shields
 * Level 14.7(13.7) Invocations
 + Level 2.3(1.5) Evocations


You had 17 spell levels left.
You didn't know any spells.
Your spell library contained the following spells:

 Spells                   Type           Power        Failure   Level  Hunger
 Apportation              Tloc           #.....       99%         1    ##.....
 Beastly Appendage        Tmut           #.....       99%         1    ##.....
 Corona                   Hex            #......      99%         1    ##.....
 Freeze                   Ice            #...         99%         1    ##.....
 Infusion                 Chrm           #...         99%         1    ##.....
 Sandblast                Erth           #.....       99%         1    ##.....
 Summon Butterflies       Summ           #.......     99%         1    ##.....
 Summon Small Mammal      Summ           #...         99%         1    ##.....
 Call Imp                 Summ           #.......     100%        2    ###....
 Ensorcelled Hibernation  Hex/Ice        #.....       100%        2    ###....
 Passwall                 Tmut/Erth      #.......     100%        2    ###....
 Poisonous Vapours        Pois/Air       #.....       100%        2    ###....
 Shroud of Golubria       Chrm/Tloc      #.....       100%        2    ###....
 Song of Slaying          Chrm           #.......     100%        2    ###....
 Sticks to Snakes         Tmut           #.......     100%        2    ###....
 Throw Frost              Conj/Ice       #.....       100%        2    ###....
 Call Canine Familiar     Summ           #.......     100%        3    ####...
 Confuse                  Hex            #.......     100%        3    ####...
 Conjure Flame            Conj/Fire      #.......     100%        3    ####...
 Dazzling Spray           Conj/Hex       #.....       100%        3    ####...
 Ignite Poison            Fire/Tmut/Pois #.......     100%        3    ####...
 Lesser Beckoning         Tloc           #.........   100%        3    ####...
 Mephitic Cloud           Conj/Pois/Air  #.......     100%        3    ####...
 Recall                   Summ/Tloc      N/A          100%        3    ####...
 Regeneration             Chrm/Necr      #.........   100%        3    ####...
 Spectral Weapon          Hex/Chrm       #.......     100%        3    ####...
 Spider Form              Tmut/Pois      #.........   100%        3    ####...
 Stone Arrow              Conj/Erth      #.....       100%        3    ####...
 Summon Guardian Golem    Hex/Summ       #.......     100%        3    ####...
 Tukima's Dance           Hex            #.......     100%        3    ####...
 Animate Dead             Necr           N/A          100%        4    #####..
 Ice Form                 Ice/Tmut       #.......     100%        4    #####..
 Iskenderun's Mystic Bla  Conj           #.......     100%        4    #####..
 Petrify                  Tmut/Erth      #.......     100%        4    #####..
 Summon Ice Beast         Ice/Summ       #.......     100%        4    #####..
 Summon Lightning Spire   Summ/Air       #.......     100%        4    #####..
 Throw Icicle             Conj/Ice       #.......     100%        4    #####..
 Alistair's Intoxication  Tmut/Pois      #.......     100%        5    ######.
 Aura of Abjuration       Summ           #.........   100%        5    ######.
 Blade Hands              Tmut           #.........   100%        5    ######.
 Borgnjor's Vile Clutch   Necr/Erth      #.........   100%        5    ######.
 Fireball                 Conj/Fire      #.........   100%        5    ######.
 Lee's Rapid Deconstruct  Erth           #.........   100%        5    ######.
 Summon Demon             Summ           #.........   100%        5    ######.
 Summon Forest            Summ/Tloc      #.........   100%        5    ######.
 Summon Mana Viper        Hex/Summ       #.......     100%        5    ######.
 Venom Bolt               Conj/Pois      #.........   100%        5    ######.
 Bolt of Cold             Conj/Ice       #.........   100%        6    #######
 Bolt of Fire             Conj/Fire      #.........   100%        6    #######
 Death Channel            Necr           #.........   100%        6    #######
 Freezing Cloud           Conj/Ice/Air   #.........   100%        6    #######
 Invisibility             Hex            #.......     100%        6    #######
 Shadow Creatures         Summ           N/A          100%        6    #######
 Simulacrum               Ice/Necr       #.........   100%        6    #######
 Ring of Flames           Chrm/Fire      #.........   100%        7    #######
 Spellforged Servitor     Conj/Summ      #.........   100%        7    #######
 Ignition                 Fire           #.........   100%        8    #######


Dungeon Overview and Level Annotations

Branches:
Dungeon (15/15)            Temple (1/1) D:6            Lair (6/6) D:8
  Swamp (4/4) Lair:3        Snake (3/4) Lair:3        Slime (0/5) Lair:6
    Orc (2/2) D:11            Elf (2/3) Orc:2        Vaults (0/5) D:13
 Depths (0/5) D:15        Ossuary (visited)          Bailey (visited)
  IceCv (visited)         Volcano (visited)         Desolation (1/1)

Altars:
Ashenzari
Cheibriados
Dithmenos
Elyvilon
Fedhas
Gozag
Hepliaklqana
Kikubaaqudgha
Makhleb
Nemelex Xobeh
Okawaru
Qazlal
Ru
Sif Muna
Trog
Uskayaw
Vehumet
Wu Jian
Xom
Yredelemnul
Zin
The Shining One
Jiyva

Shops:
D:6 !*   D:7 }   D:14 (   Orc:2 [*=([   Elf:2 [   Snake:3 *

Annotations:
Lair:1 3 runed translucent doors, happy's ghost, journeyman TeAE
Snake:3 Nikola; Vashnia
Elf:2 3 runed translucent doors


Innate Abilities, Weirdness & Mutations

You have claws for feet.
You are completely covered in yellow scales. (AC +4, rCorr)
A demonic guardian rushes to your aid.
You frequently emit foul miasma when damaged in melee.
You are immune to rotting.
You are clumsy. (Dex -2)


Message History

Your Executioner hits the guardian serpent!!
The guardian serpent dies!
Makhleb accepts your kill.
The imperial myrmidon gestures at you while chanting.
You resist with significant effort.
A saltling comes into view.
The servant of whispers calls down the wrath of its god upon you.
The bolt of lightning hits you!!!
* * * LOW HITPOINT WARNING * * *
Your Executioner gestures.
Your Executioner seems to speed up.
You block the saltling's attack.
Unknown command.
Unknown command.
Blink to where?
Press: ? - help, Dir - move target cursor
As you read the scroll of blinking, it crumbles to dust.
The servant of whispers calls down the wrath of its god upon you.
The bolt of lightning hits you!
You die...

....§§§.......................
....§.........§................
..§§§§§.§§§.§§§§...#............
..§.§.§§§§§.§§§.................
......§.........................
......§§§§§§§.#.................
...###§§§§§§§§##.............#..
......§...§§§§..................
..)...§.........@...............
.....#§.................∩.......
................................
........................∩.......
................................
..........§§§...................
.......§..§§.§..................
§§.....§§..§.......1...p........
§§§§§§.§§.......§.......8.....§.


You could see a servant of whispers and a friendly Executioner.

Vanquished Creatures
  Mara (Swamp:3)
  Donald (Swamp:2)
  An imperial myrmidon (Desolation)
  2 orc warlords (Orc:2)
  A deep elf elementalist (Elf:2)
  A deep elf demonologist (Elf:2)
  A deep elf annihilator (Elf:1)
  Azrael (Snake:1)
  A halazid warlock (Desolation)
  A red draconian (Volcano)
  Snorg (Orc:2)
  A fire dragon (Lair:6)
  A deep elf death mage (Elf:1)
  Josephine (Lair:4)
  A ragged hierophant (Desolation)
  19 hydras
  2 servants of whispers (Desolation)
  2 peacekeepers
  A centaur warrior (D:13)
  2 shambling mangroves
  6 naga warriors
  A ghost crab (Swamp:2)
  4 anacondas
  5 alligators
  2 two-headed ogres
  13 dancing weapons
  A tengu warrior (D:13)
  2 death yaks (Lair:6)
  5 orc high priests
  Urug (Lair:4)
  A shock serpent (Snake:2)
  3 naga sharpshooters
  Sonja (Orc:2)
  6 deep elf knights
  4 skeletal warriors
  2 salamander mystics
  An unseen horror (D:14)
  5 deep elf archers
  A spriggan druid (Swamp:3)
  2 shadow demons (Elf:2)
  5 swamp dragons
  A lindwurm (Lair:6)
  20 deep elf magi
  3 ugly things
  An oklob plant (Lair:5)
  3 manticores
  A wolf spider (D:15)
  6 orc knights
  An orc sorcerer (Orc:2)
  A cyclops (shapeshifter) (D:15)
  4 cyclopes
  13 salamanders
  5 naga magi
  4 elephants
  8 black mambas
  3 ice statues (IceCv)
  4 guardian serpents
  4 torpor snails (Lair:6)
  A gargoyle (D:15)
  16 spiny frogs
  3 kobold demonologists
  2 rime drakes
  A komodo dragon (Lair:6)
  5 trolls
  16 hornets
  4 tyrant leeches
  A jumping spider (shapeshifter) (D:13)
  A polar bear (Lair:3)
  17 slime creatures
  16 saltlings
  6 bog bodies
  A dream sheep (Lair:6)
  23 blink frogs
  Sigmund (D:4)
  11 hippogriffs
  3 water elementals
  3 air elementals
  6 spriggans
  5 wraiths
  A shadow (D:15)
  23 yaks
  2 wyverns
  A vampire (D:14)
  2 fire elementals
  2 hogs (D:14)
  3 hungry ghosts
  14 vampire mosquitoes
  A hog (shapeshifter) (D:15)
  A steam dragon (D:9)
  10 insubstantial wisps
  2 hell hounds (Snake:1)
  3 wargs (Orc:2)
  19 nagas
  8 swamp worms
  15 swamp drakes
  4 water moccasins
  3 porcupines
  3 black bears (D:8)
  33 orc warriors
  10 ice beasts
  A sky beast (D:11)
  A necrophage (D:6)
  5 ogres
  2 boggarts (Elf:2)
  19 wolves
  10 crocodiles
  5 centaurs
  3 big kobolds
  A wyvern zombie (D:14)
  17 bullfrogs
  2 earth elementals (Elf:1)
  4 water moccasin zombies (Ossuary)
  3 scorpions
  2 wights (D:12)
  5 howler monkeys
  7 electric eels
  7 crimson imps
  3 centaur zombies
  5 centaur skeletons
  4 hounds
  22 orc priests
  2 jellies
  A bullfrog skeleton (D:8)
  24 orc wizards
  4 iguanas
  7 worker ants
  A hound skeleton (D:5)
  2 mummies (Ossuary)
  2 worker ant zombies (D:5)
  A gnoll (D:4)
  14 adders
  5 shadow imps
  An adder skeleton (D:5)
  3 adder zombies (Ossuary)
  2 worms
  4 dart slugs
  3 leopard geckos
  92 orcs
  6 giant cockroaches
  4 gnoll zombies (Ossuary)
  9 hobgoblins
  9 jackals
  32 kobolds
  4 quokkas
  2 ball pythons (D:3)
  7 bats
  5 frilled lizards
  4 goblins
  9 hobgoblin zombies (Ossuary)
  A jackal skeleton (D:4)
  6 kobold zombies (Ossuary)
  3 orc zombies (Ossuary)
  10 rats
  A bush (Lair:4)
  2 fungi (D:8)
  A plant (Lair:6)
908 creatures vanquished.

Vanquished Creatures (collateral kills)
  Jorgrun (D:13)
  Gastronok (D:8)
  A thorn hunter (Swamp:4)
  Frances (D:13)
  Agnes (D:15)
  An orc warlord (Orc:2)
  Aizul (Snake:1)
  An ironheart preserver (D:13)
  The ghost of Naqomn the Grappler, a journeyman TrFi of Okawaru (Lair:4)
  Harold (Lair:1)
  An ogre mage (D:15)
  10 hydras
  2 catoblepae (Lair:6)
  An alligator (Swamp:4)
  An anaconda (Snake:1)
  2 centaur warriors
  A tengu warrior (D:13)
  2 death yaks (Lair:6)
  An orc high priest (Elf:2)
  A spriggan (Swamp:1)
  2 unseen horrors
  2 spriggan druids (Swamp:4)
  9 skeletal warriors
  3 deep elf archers
  3 swamp dragons (Swamp:4)
  A naga ritualist (Snake:1)
  A lindwurm (Lair:6)
  A wolf spider (D:15)
  6 orc knights
  An orc sorcerer (Orc:2)
  2 manticores
  14 deep elf magi
  7 ugly things
  4 cyclopes
  An elephant (Lair:4)
  A salamander (D:15)
  2 black mambas (Snake:1)
  A centaur zombie (D:12)
  2 guardian serpents
  A gargoyle (D:12)
  3 spiny frogs
  2 naga magi
  A torpor snail (Lair:6)
  The ghost of PentaManta the Sneak, a novice OpBe of Trog (D:5)
  A komodo dragon (Swamp:3)
  2 kobold demonologists
  A yaktaur (D:15)
  A tengu conjurer (D:13)
  A troll (D:11)
  A saltling (Desolation)
  6 hornets
  2 tyrant leeches
  8 blink frogs
  A dream sheep (Lair:6)
  7 slime creatures
  An air elemental (Elf:1)
  8 yaks
  2 water elementals
  A hog (D:14)
  8 insubstantial wisps
  2 nagas
  2 acid dragons (D:15)
  A soldier ant (D:8)
  A water moccasin (Lair:1)
  3 swamp worms (Swamp:4)
  2 porcupines
  11 orc warriors
  2 swamp drakes (Swamp:4)
  A sky beast (D:15)
  A black bear (D:7)
  5 ogres
  7 centaurs
  A big kobold (D:10)
  2 bullfrogs
  2 scorpions
  2 wights (D:12)
  A howler monkey (D:7)
  2 crimson imps
  2 orc priests
  A hound (D:5)
  2 jellies
  5 orc wizards
  A bullfrog skeleton (D:4)
  An iguana (D:11)
  A hound skeleton (D:10)
  A howler monkey skeleton (D:11)
  2 adder zombies (Ossuary)
  A worm (D:5)
  23 orcs
  A kobold (D:10)
243 creatures vanquished.

Vanquished Creatures (others)
  A naga sharpshooter (Snake:3)
  2 black mambas (Snake:3)
  A guardian serpent (Desolation)
  A naga (Snake:2)
  8 bushes (D:15)
  6 fungi
  9 plants
28 creatures vanquished.

Grand Total: 1179 creatures vanquished

Notes
Turn   | Place    | Note
-------+----------+-------------------------------------------
     0 | D:1      | McKennaii the Demonspawn Fighter began the quest for the
                  | Orb.
     0 | D:1      | Reached XP level 1. HP: 18/18 MP: 1/1
   141 | D:1      | Gained mutation: You are partially covered in yellow
                  | scales. (AC +2) [demonic ancestry]
   141 | D:1      | Reached XP level 2. HP: 22/24 MP: 2/2
   463 | D:1      | Reached skill level 2 in Axes
   790 | D:2      | Reached XP level 3. HP: 28/29 MP: 3/3
   977 | D:2      | Found a shimmering blue altar of Sif Muna.
  1478 | D:3      | Found a snail-covered altar of Cheibriados.
  1515 | D:3      | Gained mutation: A weak demonic guardian rushes to your
                  | aid. [demonic ancestry]
  1515 | D:3      | Reached XP level 4. HP: 31/35 MP: 4/4
  1522 | D:3      | Reached skill level 3 in Axes
  1595 | D:3      | Found a shattered altar of Ashenzari.
  1693 | D:3      | Found an ornate altar of the Wu Jian Council.
  1694 | D:3      | Found a stormy altar of Qazlal.
  1877 | D:3      | Found a basalt altar of Yredelemnul.
  2049 | D:4      | Found a white marble altar of Elyvilon.
  2134 | D:4      | Noticed an ogre
  2141 | D:4      | Killed an ogre
  2141 | D:4      | Reached skill level 4 in Axes
  2141 | D:4      | Gained mutation: You are mostly covered in yellow scales.
                  | (AC +3) [demonic ancestry]
  2141 | D:4      | Reached XP level 5. HP: 41/41 MP: 5/5
  2526 | D:4      | Reached XP level 6. HP: 43/47 MP: 6/6
  2662 | D:4      | Noticed Sigmund
  2695 | D:4      | Killed Sigmund
  2695 | D:4      | Reached skill level 5 in Axes
  3021 | D:5      | Entered Level 5 of the Dungeon
  3229 | D:5      | Gained mutation: You are completely covered in yellow
                  | scales. (AC +4, rCorr) [demonic ancestry]
  3229 | D:5      | Reached XP level 7. HP: 10/52 MP: 7/7
  3899 | D:5      | Reached skill level 6 in Axes
  3940 | D:5      | Found a transporter.
  3946 | D:5      | Noticed PentaManta's ghost (novice OpBe)
  3949 | D:5      | Found a transporter.
  4265 | D:6      | Found a staircase to the Ecumenical Temple.
  4283 | Temple   | Entered the Ecumenical Temple
  4590 | D:6      | Gained mutation: You have sharp toenails. [demonic
                  | ancestry]
  4590 | D:6      | Reached XP level 8. HP: 57/60 MP: 8/8
  4616 | D:6      | Found an opulent altar of Gozag.
  4619 | D:6      | Found Gozag's Platinum Reserve.
  4775 | D:6      | Reached skill level 7 in Axes
  4811 | D:6      | Found a burning altar of Makhleb.
  4825 | D:6      | Became a worshipper of Makhleb the Destroyer
  4889 | D:6      | Found Urehelar's Distillery.
  4893 | D:6      | Bought a potion of degeneration for 12 gold pieces
  4893 | D:6      | Bought 2 potions of heal wounds for 120 gold pieces
  4893 | D:6      | Bought a potion of curing for 36 gold pieces
  4893 | D:6      | Bought a potion of curing for 36 gold pieces
  5102 | D:7      | Found a shimmering altar of Xom.
  5177 | D:7      | Found a sand-covered staircase.
  5182 | Ossuary  | Entered an ossuary
  5224 | Ossuary  | Reached skill level 8 in Axes
  5253 | Ossuary  | Reached * piety under Makhleb
  5253 | Ossuary  | Reached skill level 5 in Armour
  5457 | D:7      | Found an iron altar of Okawaru.
  5701 | D:7      | Found Upifem's Gadget Shop.
  5914 | D:7      | Gained mutation: You are immune to rotting. [demonic
                  | ancestry]
  5914 | D:7      | Reached XP level 9. HP: 66/66 MP: 9/9
  6266 | D:8      | Reached skill level 9 in Axes
  6275 | D:8      | Reached ** piety under Makhleb
  6277 | D:8      | Found a staircase to the Lair.
  6297 | D:8      | Reached skill level 5 in Shields
  6412 | D:8      | Reached skill level 1 in Dodging
  6583 | D:8      | Noticed Gastronok
  6614 | D:8      | Killed Gastronok
  6614 | D:8      | Reached skill level 5 in Fighting
  6614 | D:8      | Reached skill level 10 in Axes
  6614 | D:8      | Reached skill level 1 in Stealth
  6614 | D:8      | Gained mutation: A demonic guardian rushes to your aid.
                  | [demonic ancestry]
  6614 | D:8      | Reached XP level 10. HP: 53/74 MP: 10/10
  6808 | D:8      | Identified the +1 whip of Zamapyc {flame, rN+} (You found
                  | it on level 8 of the Dungeon)
  7356 | D:9      | Found a snail-covered altar of Cheibriados.
  7359 | D:9      | Found a sacrificial altar of Ru.
  7362 | D:9      | Found an ancient bone altar of Kikubaaqudgha.
  7685 | D:9      | Found a flagged portal.
  7694 | Bailey   | Entered a bailey
  8052 | Bailey   | Noticed an orc knight
  8052 | Bailey   | Noticed an orc knight
  8087 | Bailey   | Reached *** piety under Makhleb
  8131 | Bailey   | Killed an orc knight
  8131 | Bailey   | Reached skill level 11 in Axes
  8208 | Bailey   | Killed an orc knight
  8220 | Bailey   | Noticed an orc knight
  8227 | Bailey   | Noticed an orc knight
  8230 | Bailey   | Noticed an orc knight
  8230 | Bailey   | Killed an orc knight
  8237 | Bailey   | Killed an orc knight
  8242 | Bailey   | Killed an orc knight
  8745 | D:10     | Entered Level 10 of the Dungeon
  8793 | D:10     | Found a stormy altar of Qazlal.
  9016 | D:10     | Gained mutation: You may emit foul miasma when damaged in
                  | melee. [demonic ancestry]
  9016 | D:10     | Reached XP level 11. HP: 78/80 MP: 11/11
  9090 | D:10     | Noticed a skeletal warrior
  9091 | D:10     | Noticed a skeletal warrior
  9114 | D:10     | Killed a skeletal warrior
  9289 | D:10     | Noticed a skeletal warrior
  9310 | D:10     | Noticed a skeletal warrior
  9312 | D:10     | Killed a skeletal warrior
  9317 | D:10     | Killed a skeletal warrior
  9320 | D:10     | Killed a skeletal warrior
  9575 | D:5      | Killed PentaManta's ghost
  9575 | D:5      | Reached skill level 12 in Axes
  9813 | D:11     | Reached **** piety under Makhleb
  9946 | D:11     | Paralysed by a hornet for 1 turns
 10316 | D:11     | Found a staircase to the Orcish Mines.
 10522 | D:12     | Reached ***** piety under Makhleb
 10533 | D:12     | Noticed a green ugly thing
 10544 | D:12     | Killed a green ugly thing
 10571 | D:12     | Reached skill level 1 in Invocations
 10709 | D:12     | Noticed a four-headed hydra
 10717 | D:12     | Killed a four-headed hydra
 10791 | D:12     | Noticed a skeletal warrior
 10795 | D:12     | Noticed a skeletal warrior
 10801 | D:12     | Noticed a skeletal warrior
 10801 | D:12     | You fall into a shaft and drop 3 floors!
 10801 | D:15     | Entered Level 15 of the Dungeon
 10802 | D:15     | Noticed a skeletal warrior
 10802 | D:15     | Noticed a skeletal warrior
 10802 | D:15     | Noticed a skeletal warrior
 10806 | D:15     | Noticed a green ugly thing
 10806 | D:15     | Noticed a green ugly thing
 10806 | D:15     | Noticed a green ugly thing
 10806 | D:15     | Noticed a green ugly thing
 10820 | D:15     | Killed a green ugly thing
 10820 | D:15     | Reached XP level 12. HP: 76/89 MP: 13/13
 10824 | D:15     | Reached skill level 13 in Axes
 11079 | D:15     | Noticed a centaur warrior
 11085 | D:15     | Killed a centaur warrior
 11403 | D:14     | Found Yruib's Weapon Shop.
 11412 | D:14     | Noticed a five-headed hydra
 11420 | D:14     | Killed a five-headed hydra
 11547 | D:14     | Noticed a four-headed hydra
 11554 | D:14     | Killed a five-headed hydra
 11611 | D:14     | Reached skill level 5 in Invocations
 12101 | D:14     | Noticed a four-headed hydra
 12106 | D:14     | Killed a four-headed hydra
 12106 | D:14     | Reached skill level 14 in Axes
 12378 | D:12     | Reached ****** piety under Makhleb
 12623 | D:12     | Gained mutation: You frequently emit foul miasma when
                  | damaged in melee. [demonic ancestry]
 12623 | D:12     | Reached XP level 13. HP: 97/97 MP: 17/17
 12963 | D:13     | Found a sacrificial altar of Ru.
 12982 | D:13     | Noticed an ironheart preserver
 13024 | D:13     | Killed an ironheart preserver
 13200 | D:13     | Noticed Jorgrun
 13665 | D:13     | Noticed Frances
 13674 | D:13     | Killed Frances
 13884 | D:13     | Found a gate to the Vaults.
 14113 | D:15     | Noticed Agnes
 14127 | D:15     | Killed Agnes
 14127 | D:15     | Reached skill level 10 in Armour
 14182 | D:15     | Paralysed by an ogre mage for 6 turns
 14625 | D:14     | Reached skill level 15 in Axes
 15461 | D:15     | Found a staircase to the Depths.
 15461 | D:15     | Gained mutation: You are clumsy. (Dex -2) [a shining eye]
 15704 | D:13     | Killed Jorgrun
 15962 | Lair:1   | Entered Level 1 of the Lair of Beasts
 16026 | Lair:1   | Noticed Harold
 16037 | Lair:1   | Killed Harold
 16037 | Lair:1   | Gained mutation: You have razor-sharp toenails. [demonic
                  | ancestry]
 16037 | Lair:1   | Reached XP level 14. HP: 95/106 MP: 12/20
 16280 | Lair:1   | Found a runed translucent gate.
 16281 | Lair:1   | Found a runed translucent gate.
 16282 | Lair:1   | Found a runed translucent gate.
 16283 | Lair:1   | Noticed happy's ghost (journeyman TeAE)
 16981 | Lair:2   | Found a shimmering blue altar of Sif Muna.
 18059 | Lair:3   | Found a staircase to the Swamp.
 18259 | Lair:3   | Found a staircase to the Snake Pit.
 18754 | Lair:4   | Found a runed translucent door.
 18947 | Lair:4   | Noticed Josephine
 18955 | Lair:4   | Killed Josephine
 19174 | Lair:4   | Found a shimmering altar of Xom.
 19174 | Lair:4   | Noticed Naqomn's ghost (journeyman TrFi)
 19454 | Lair:4   | Noticed Urug
 19468 | Lair:4   | Killed Urug
 19774 | Lair:4   | Killed Naqomn's ghost
 19988 | Lair:5   | Found a frozen archway.
 20002 | IceCv    | Entered an ice cave
 20024 | IceCv    | Reached skill level 16 in Axes
 20142 | IceCv    | Got a vibrating amber ring
 20205 | Lair:5   | Identified the ring "Macliw" {+Fly rPois} (You found it in
                  | an ice cave)
 20839 | Lair:6   | Entered Level 6 of the Lair of Beasts
 21181 | Lair:6   | Reached skill level 10 in Invocations
 21423 | Lair:6   | Found a viscous altar of Jiyva.
 21423 | Lair:6   | Found a staircase to the Slime Pits.
 21523 | Lair:6   | Found a runed translucent door.
 21637 | Lair:6   | Reached XP level 15. HP: 113/113 MP: 7/22
 21841 | Lair:6   | Paralysed by a hornet for 1 turns
 23307 | Orc:1    | Entered Level 1 of the Orcish Mines
 23643 | Orc:2    | Entered Level 2 of the Orcish Mines
 23693 | Orc:2    | Found a dark tunnel.
 23743 | Volcano  | Entered a volcano
 23766 | Volcano  | Found a bloodstained altar of Trog.
 24392 | Orc:2    | Noticed an orc warlord
 24394 | Orc:2    | Noticed an Executioner
 24397 | Orc:2    | Noticed Sonja
 24469 | Orc:2    | Noticed an orc warlord
 24860 | Orc:2    | Reached skill level 17 in Axes
 25132 | Orc:2    | Found Zuoney Kuaz's Jewellery Shoppe.
 25141 | Orc:2    | Found Ivve's Armour Emporium.
 25141 | Orc:2    | Found Pucuokue's Antique Weapon Emporium.
 25144 | Orc:2    | Found Gonnolozi's General Store.
 25176 | Orc:2    | Found Nunait's Antique Armour Boutique.
 25184 | Orc:2    | Noticed Snorg
 25195 | Orc:2    | Killed Snorg
 25218 | Orc:2    | Killed an orc warlord
 25279 | Orc:2    | Killed Sonja
 25480 | Orc:2    | Found a staircase to the Elven Halls.
 25583 | Orc:2    | Killed an orc warlord
 25589 | Orc:2    | Noticed an orc warlord
 25606 | Orc:2    | Killed an orc warlord
 26173 | Snake:1  | Entered Level 1 of the Snake Pit
 26174 | Snake:1  | Noticed Azrael
 26506 | Snake:1  | Killed Azrael
 27245 | Snake:1  | Noticed Aizul
 27257 | Snake:1  | Killed Aizul
 27961 | Snake:2  | Gained mutation: You have claws for feet. [demonic
                  | ancestry]
 27961 | Snake:2  | Reached XP level 16. HP: 72/122 MP: 24/24
 28810 | Swamp:1  | Entered Level 1 of the Swamp
 30154 | Swamp:2  | Reached skill level 10 in Fighting
 30308 | Swamp:2  | Noticed Donald
 30314 | Swamp:2  | Killed Donald
 30971 | Swamp:3  | Reached skill level 18 in Axes
 31674 | Swamp:3  | Noticed Mara
 31687 | Swamp:3  | Killed Mara
 31687 | Swamp:3  | Reached skill level 10 in Shields
 31738 | Swamp:4  | Entered Level 4 of the Swamp
 31738 | Swamp:4  | Noticed a thorn hunter
 31759 | Swamp:4  | Killed a thorn hunter
 32418 | Swamp:3  | Reached XP level 17. HP: 128/130 MP: 26/26
 34751 | Swamp:4  | Got a decaying rune of Zot
 35277 | Snake:3  | Reached XP level 18. HP: 136/136 MP: 28/28
 35416 | Snake:3  | Found Zaub's General Store.
 35424 | Snake:3  | Bought a scroll of teleportation for 57 gold pieces
 35503 | Snake:3  | Noticed Nikola
 35509 | Snake:3  | Noticed Vashnia
 35844 | Elf:1    | Entered Level 1 of the Elven Halls
 36783 | Elf:2    | Found a runed translucent gate.
 36783 | Elf:2    | Found a runed translucent gate.
 36783 | Elf:2    | Found a runed translucent gate.
 36841 | Elf:2    | Found Yjyat's Antique Armour Boutique.
 36951 | Elf:2    | Found a radiant altar of Vehumet.
 37083 | Elf:2    | Found a shimmering blue altar of Sif Muna.
 37138 | Elf:2    | Got a scintillating crystal amulet
 37139 | Elf:2    | Identified the Reference Book on the Escort
 37249 | Elf:2    | Found a ruined gateway.
 37258 | Desolati | Entered the Desolation of Salt
 37315 | Desolati | Identified the amulet of the Scarab {RegenMP *Contam Int+4}
                  | (You found it on level 2 of the Elven Halls)
 37322 | Desolati | Got a fine steel amulet
 37323 | Desolati | Identified the amulet of Foarihil {Gourm rN+} (You found it
                  | in the Desolation of Salt)
 37340 | Desolati | Identified the Grimoire of Glory
 37342 | Desolati | Identified the Tome of Lethal Execration
 37462 | Desolati | Killed from afar by a servant of whispers

Levels and vault maps discovered:
D:1:      dpeg_arrival_orchard, layout_loops_cross
D:2:      layout_basic, led_sif_pool, first_ration
D:3:      layout_basic, lemuel_doored_altar, gammafunk_temple_overflow_pools,
          cheibrodos_ashenzari_chains, cheibriados_altar_1
D:4:      minmay_opposing_rooms, layout_loops_ring, elyvilon_altar_4,
          uniq_sigmund
D:5:      cheibrodos_iron_armory, layout_basic, gammafunk_ghost_arena
D:6:      layout_basic, nicolae_gozag_zags_fifth_avenue, lemuel_crystal_altar,
          minmay_temple_entry_overgrown, serial_shops, shop
D:7:      layout_gridville, xom_teletrap_fun, okawaru_ov_weapons_minmay,
          lightli_ossuary_entry_decrepit_ruins, serial_shops, shop
D:8:      layout_gridville, due_lair_maze_entry_diamond, st_stairs_1,
          hangedman_pestilent_swarm, uniq_gastronok
D:9:      layout_basic, grunt_temple_overflow_diamond, enter_bailey_2
D:10:     layout_cave_pools, grunt_qazlal_clouds
D:11:     layout_big_octagon, david_orc_4
D:12:     layout_basic
D:13:     layout_small_grid, skrybe_vaults_entry_preservation, basic_altar,
          uniq_frances, uniq_jorgrun
D:14:     layout_loops_ring, solitary_fountain, serial_shops,
          nicolae_shop_stone, fake_guardian_serpent_vault, uniq_kirke
D:15:     hangedman_depths_entry_try_elsewhere_first, layout_basic,
          serial_park_gazebo [serial_park_minivault_5x5_8], wad_rectangle_vault,
          uniq_agnes
Temple:   compressed_dpeg_triangle_lava_temple
Lair:1:   layout_regular_city, gammafunk_ghost_hydra_chop, uniq_harold
Lair:2:   beast_lair_carwin_large_1, layout_big_grid, basic_altar, st_stairs_12,
          serial_bayou_shore_a, lemuel_fruit_tree
Lair:3:   layout_roguey, minmay_swamp_entry_wisps,
          minmay_snake_entry_guardpost_small, chequers_serial_rivers_small_a,
          grunt_megastairs_4, infiniplex_staircase_pool
Lair:4:   layout_regular_city, ebering_ghost_xom, uniq_josephine, uniq_urug
Lair:5:   layout_loops_ring, portal_ice_cave_entry_pillars_2,
          serial_bayou_shore_b
Lair:6:   hangedman_lair_in_review, layout_regular_city, wormcave,
          slime_altar_1, nicolae_lair_yak_garden, serial_bayou_shore_b
Swamp:1:  layout_falls_marsh, nicolae_swamp_dense_foliage, swamp_pool1
Swamp:2:  layout_basic_swamp, nicolae_swamp_round_clearing, uniq_donald
Swamp:3:  layout_basic_swamp, evilmike_swamp_ruin_house_1, uniq_mara
Swamp:4:  swamp, layout_basic_swamp, swamp_pool3
Snake:1:  layout_rooms, uniq_aizul, uniq_azrael
Snake:2:  layout_basic
Snake:3:  layout_rooms, serial_shops, shop, uniq_vashnia, uniq_nikola
Orc:1:    layout_caves
Orc:2:    st_orc_mages, layout_caves, serial_shops, shop_statue,
          nicolae_volcano_entry_two_sided, minmay_orc_treasury, uniq_snorg,
          uniq_sonja
Elf:1:    elf_arrival_002, layout_loops_ring, hangedman_corner_corridor
Elf:2:    layout_rooms, portal_desolation_entry_salt, serial_shops,
          nicolae_shop_waterfront, basic_altar, hangedman_summoners_spam
Desolation

Skill      XL: |  1  2  3  4  5  6  7  8  9 10 11 12 13 14 15 16 17 18 |
---------------+-------------------------------------------------------+-----
Shields        | 3 4 5 6 7 8 9 10 | 10.8
Axes           | 2 4 5 6 8 10 11 12 14 15 16 17 18 | 18.6
Armour         | 3 4 5 6 7 8 9 10 11 12 13 14 | 14.3
Fighting       | 4 5 6 7 8 9 10 11 | 11.6
Dodging        | 1 3 |  3.5
Stealth        | 1 2 3 |  3.8
Invocations    | 2 5 8 10 11 13 14 | 14.7
Evocations     | 2 |  2.3

Action                   |  1- 3 |  4- 6 |  7- 9 | 10-12 | 13-15 | 16-18 || total
-------------------------+-------+-------+-------+-------+-------+-------++-------
Melee: War axe           |   154 |   141 |   372 |   772 |   260 |       ||  1699
       Kick              |       |       |   110 |   314 |   470 |   218 ||  1112
       Broad axe         |       |       |       |       |   960 |   725 ||  1685
Invok: Minor Destruction |       |       |       |    12 |    45 |   100 ||   157
       Lesser Servant of |       |       |       |     2 |    15 |     1 ||    18
       Major Destruction |       |       |       |       |     2 |       ||     2
       Greater Servant o |       |       |       |       |     6 |     8 ||    14
Evoke: Wand              |       |       |       |       |     5 |     2 ||     7
  Use: Potion            |       |     2 |       |     3 |     7 |     8 ||    20
       Scroll            |       |       |     1 |     8 |    27 |    14 ||    50
 Stab: Distracted        |       |     1 |     3 |     6 |     6 |     5 ||    21
       Petrified         |       |       |       |       |     8 |       ||     8
       Petrifying        |       |       |       |       |     1 |       ||     1
       Confused          |       |       |       |       |     1 |       ||     1
  Eat: Chunk             |     2 |     6 |    11 |    11 |    29 |    15 ||    74
       Ration            |       |       |       |     4 |     6 |     5 ||    15
Armor: Chain mail        |    32 |       |       |       |       |       ||    32
       Plate armour      |    99 |   117 |   160 |   438 |   591 |   475 ||  1880
Dodge: Dodged            |    17 |    16 |    49 |   216 |   406 |   299 ||  1003
Block: Shield            |    92 |    65 |   167 |   466 |   710 |   503 ||  2003
